 Dungeon Crawl Stone Soup version 0.27-a0-1391-g48c30b3128 (webtiles) character file.

Game seed: 1838206146146903863

213 Kinoniko the Chopper (level 5, -9/41 HPs)
             Began as a Demonspawn Berserker on July 1, 2021.
             Was a Priest of Trog.
             Mangled by Edmund (10 damage)
             ... on level 4 of the Dungeon.
             The game lasted 00:03:18 (2899 turns).

Kinoniko the Chopper (Demonspawn Berserker)         Turns: 2899, Time: 00:03:19

Health: -9/41      AC:  9    Str: 18    XL:     5   Next: 59%
Magic:  0/5        EV:  7    Int:  9    God:    Trog [***...]
Gold:   126        SH:  0    Dex: 12    Spells: 4/4 levels left

rFire    . . .     SeeInvis .   a - +0 hand axe
rCold    . . .     Faith    .   (no shield)
rNeg     . . .     Spirit   +   j - +0 chain mail
rPois    .         Reflect  .   (helmet restricted)
rElec    .         Harm     .   (no cloak)
rCorr    .         Rampage  .   (no gloves)
Will     .....                  o - +0 pair of boots {Fly}
Stlth    ..........             c - amulet of guardian spirit
HPRegen  0.13/turn              (no ring)
MPRegen  0.09/turn              (no ring)

@: on berserk cooldown, flying, hasted, very quick
A: horns 2
a: Renounce Religion, Berserk, Trog's Hand


You were on level 4 of the Dungeon.
You worshipped Trog.
Trog was most pleased with you.
You visited 1 branch of the dungeon, and saw 4 of its levels.

You collected 126 gold pieces.

Inventory:

Hand Weapons
 a - a +0 hand axe (weapon)
Armour
 j - a +0 chain mail (worn)
 n - a +0 pair of boots
 o - a +0 pair of boots of flying (worn)
Jewellery
 c - an amulet of guardian spirit (around neck)
 k - an amulet of the acrobat
Scrolls
 b - 2 scrolls of identify {unknown}
 d - a scroll of magic mapping {unknown}
 f - a scroll of vulnerability {unknown}
 g - a scroll of amnesia {unknown}
 h - a scroll of immolation {unknown}
 l - a scroll of enchant weapon {unknown}
Potions
 e - 2 potions of lignification


   Skills:
 - Level 3.0 Fighting
 * Level 5.8 Axes
 - Level 1.7 Armour
 - Level 1.7 Dodging


You had 4 spell levels left.
You didn't know any spells.
Your spell library was empty.

Dungeon Overview and Level Annotations

Branches:
Dungeon (3/15)

Altars:
Makhleb

Annotations:
D:4 Edmund


Innate Abilities, Weirdness & Mutations

You have a pair of horns on your head.


Message History

You closely miss Edmund.
Edmund is heavily wounded.
You hit the gnoll but do no damage.
The gnoll hits you but does no damage. x2
Edmund hits you but does no damage. The gnoll hits you but does no damage.
Unknown command.
You hit Edmund but do no damage.
Edmund is heavily wounded.
You hit the gnoll but do no damage. The gnoll hits you but does no damage.
Edmund completely misses you.
The gnoll hits you from afar with a +0 spear.
* * * LOW HITPOINT WARNING * * *
The gnoll hits you but does no damage.
Edmund hits you with a +2 flail of protection.
* * * LOW HITPOINT WARNING * * *
It was a potion of cancellation.
Your magical effects are unravelling.
You feel magically purged.
You feel less wooden.
Your +0 pair of boots of flying unmelds from your body.
Your +0 chain mail unmelds from your body.
You fly up into the air.
You feel yourself speed up.
The gnoll hits you from afar with a +0 spear.
* * * LOW HITPOINT WARNING * * *
The gnoll hits you with a +0 club.
* * * LOW HITPOINT WARNING * * *
Edmund hits you with a +2 flail of protection.
* * * LOW HITPOINT WARNING * * *
The gnoll hits you from afar with a +0 spear.
* * * LOW HITPOINT WARNING * * *
It was a potion of curing.
You feel better. The gnoll hits you with a +0 club.
* * * LOW HITPOINT WARNING * * *
Edmund hits you with a +2 flail of protection.
* * * LOW HITPOINT WARNING * * *
The gnoll hits you from afar with a +0 spear.
* * * LOW HITPOINT WARNING * * *
It was a potion of haste.
You feel yourself speed up. The gnoll closely misses you.
Edmund hits you with a +2 flail of protection!
You die...

# ###### # #...... #
##....... # #........ #
#(.......
################........
...5...........#).......
.....#...#####..@@......
##....._....####)g......
#.........[# ##g......
#............ .......
#............. .......
#..........##. .......
............ .......
.......


You could see Edmund and 2 gnolls.

Vanquished Creatures
  2 lemures (D:4)
  Terence (D:2)
  An orc wizard (D:3)
  2 gnolls (D:4)
  7 adders
  A worm (D:3)
  A dart slug (D:2)
  4 orcs
  5 bats
  4 endoplasms
  3 giant cockroaches
  5 goblins
  5 hobgoblins
  9 jackals
  2 quokkas
  4 ball pythons
  8 frilled lizards
  8 kobolds
  4 rats
76 creatures vanquished.

Vanquished Creatures (others)
  2 plants (D:2)
2 creatures vanquished.

Grand Total: 78 creatures vanquished

Notes
Turn   | Place    | Note
-------+----------+-------------------------------------------
     0 | D:1      | Kinoniko the Demonspawn Berserker began the quest for the
                  | Orb.
     0 | D:1      | Reached XP level 1. HP: 18/18 MP: 1/1
    39 | D:1      | Reached skill level 3 in Axes
   288 | D:1      | Found a faded altar of an unknown god.
   330 | D:1      | Gained mutation: You have a pair of small horns on your
                  | head. [demonic ancestry]
   330 | D:1      | Reached XP level 2. HP: 24/24 MP: 2/2
  1206 | D:2      | Reached ** piety under Trog
  1300 | D:2      | Reached skill level 4 in Axes
  1300 | D:2      | Reached XP level 3. HP: 28/29 MP: 3/3
  1540 | D:2      | Gained mutation: You have a pair of horns on your head.
                  | [demonic ancestry]
  1540 | D:2      | Reached XP level 4. HP: 27/33 MP: 4/4
  1912 | D:2      | Noticed Terence
  1923 | D:2      | Killed Terence
  1924 | D:2      | Reached skill level 5 in Axes
  2309 | D:3      | Reached XP level 5. HP: 41/41 MP: 5/5
  2839 | D:3      | You are sucked into a shaft and drop 1 floor!
  2839 | D:4      | Found a burning altar of Makhleb.
  2846 | D:4      | Noticed a lemure
  2846 | D:4      | Noticed a lemure
  2875 | D:4      | Noticed Edmund
  2880 | D:4      | Reached *** piety under Trog
  2881 | D:4      | Killed a lemure
  2886 | D:4      | Killed a lemure
  2898 | D:4      | HP: 1/41 [gnoll (5)]
  2899 | D:4      | Mangled by Edmund

Illustrated notes

Levels and vault maps discovered:
D:1:      tarquinn_simple_flora_water_a, layout_loops_ring,
          shapermc_ecumenical_altar_notcrosses
D:2:      minmay_inner_zag, layout_basic, serial_bayou_lake_a, uniq_terence
D:3:      layout_loops_ring, uniq_ijyb
D:4:      layout_rooms, bloody_makhleb, gammafunk_ghost_abyssal_escape,
          uniq_pikel, uniq_edmund, uniq_eustachio

Skill      XL: |  1  2  3  4 |
---------------+-------------+-----
Axes           | 3 4 5 |  5.8
Fighting       | |  3.0
Armour         | |  1.7
Dodging        | |  1.7

Action                   |  1- 3 |  4- 6 || total
-------------------------+-------+-------++-------
Melee: Hand axe          |   102 |   117 ||   219
       Headbutt          |    10 |    13 ||    23
Invok: Berserk           |     1 |     3 ||     4
  Use: Potion            |       |     4 ||     4
Armor: Ring mail         |    15 |       ||    15
       Animal skin       |     2 |       ||     2
       Chain mail        |    44 |    53 ||    97
       Skin              |       |    34 ||    34
Dodge: Dodged            |    50 |    35 ||    85

Table legend: (Time is in decaauts)
 A = Elapsed time spent in this place.
 B = Non-inter-level travel time spent in this place.
 C = Inter-level travel time spent in this place.
 D = Time resting spent in this place.
 E = Time spent auto-exploring this place.
 F = Levels seen in this place.
 G = Mean time per level.
                   A        B        C        D        E       F      G
               +--------+--------+--------+--------+--------+-----+--------+
         Total |   2975 |   2860 |    115 |    290 |   2050 |   4 |  743.8 |
       Dungeon |   2975 |   2860 |    115 |    290 |   2050 |   4 |  743.8 |
               +--------+--------+--------+--------+--------+-----+--------+

Top non-repeatable levels by time:
     D:2: 1190 daAuts
     D:1: 1174 daAuts
     D:3: 551 daAuts
     D:4: 59 daAuts
